| TOP OF THE 1ST |
|
Albuquerque Isotopes batting - Pitching for Iowa Cubs : RHP Dustin Buckner
|
|
Pitching: RHP Dustin Buckner
|
|
|
Batting: RHB Sadataka Kuwahara
|
0-0: Ball 1-0: Ball 2-0: Ball 3-0: Base on Balls
|
|
Batting: RHB Logan Morgan
|
0-0: Swinging Strike 0-1: Ball 1-1: Ball 2-1: Called Strike 2-2: Foul Ball, location: 2F 2-2: Foul Ball, location: 2F 2-2: Reached on error, E5 (Groundball, 56S, EV 70.0 MPH) Sadataka Kuwahara to second
|
|
Batting: SHB Orlando Torres
|
0-0: Ball 1-0: Ball 2-0: Fly out, F8 (Flyball, 89M, EV 86.2 MPH)
|
|
Batting: RHB Adrian Rudkilde
|
0-0: Ball 1-0: Ball 2-0: Ball 3-0: Base on Balls Sadataka Kuwahara to third Logan Morgan to second
|
|
Batting: RHB Chris King
|
0-0: Ball 1-0: Ball 2-0: Called Strike 2-1: Ball 3-1: Base on Balls Sadataka Kuwahara scores Logan Morgan to third Adrian Rudkilde to second
|
|
Batting: SHB D.J. Codd
|
0-0: Swinging Strike 0-1: Called Strike 0-2: Strikes out swinging
|
|
Batting: RHB Hector Silva
|
0-0: Ball 1-0: Foul Ball, location: 2F 1-1: Swinging Strike 1-2: Ground out 4-3 (Groundball, 4, EV 105.0 MPH)
|
| Top of the 1st over - 1 run, 0 hits, 1 error, 3 left on base; Albuquerque 1 - Iowa 0 |
| BOTTOM OF THE 1ST |
|
Iowa Cubs batting - Pitching for Albuquerque Isotopes : RHP Mark Hincks
|
|
Pitching: RHP Mark Hincks
|
|
|
Batting: RHB Brian Gargis
|
0-0: Called Strike 0-1: Ball 1-1: Foul Ball, location: 2F 1-2: Ball 2-2: Strikes out swinging
|
|
Batting: RHB Frank Caulfield
|
0-0: Reached on error, E4 (Groundball, 34, EV 107.5 MPH)
|
|
Batting: RHB Ryan Walker
|
0-0: Ball 1-0: Foul Ball, location: 2F 1-1: Foul Ball, location: 2F 1-2: Foul Ball, location: 2F 1-2: Strikes out swinging
|
|
Batting: LHB Wing-tat Tai
|
0-0: Called Strike 0-1: Called Strike 0-2: Ball 1-2: Ball 2-2: Foul Ball, location: 2F 2-2: Ball 3-2: Ground out U3 (Groundball, 3, EV 86.9 MPH)
|
| Bottom of the 1st over - 0 runs, 0 hits, 1 error, 1 left on base; Albuquerque 1 - Iowa 0 |
| TOP OF THE 2ND |
|
Albuquerque Isotopes batting - Pitching for Iowa Cubs : RHP Dustin Buckner
|
|
Batting: RHB Jerry Sanchez
|
0-0: Ball 1-0: Called Strike 1-1: Ball 2-1: Fly out, F7 (Flyball, 7D, EV 94.4 MPH)
|
|
Batting: RHB Vinny Estrada
|
0-0: Ball 1-0: Ball 2-0: Called Strike 2-1: Foul Ball, location: 2F 2-2: Foul Ball, location: 2F 2-2: Ball 3-2: Strikes out looking
|
|
Batting: RHB Sadataka Kuwahara
|
0-0: Ball 1-0: Foul Ball, location: 2F 1-1: Swinging Strike 1-2: Strikes out swinging
|
| Top of the 2nd over - 0 runs, 0 hits, 0 errors, 0 left on base; Albuquerque 1 - Iowa 0 |
| BOTTOM OF THE 2ND |
|
Iowa Cubs batting - Pitching for Albuquerque Isotopes : RHP Mark Hincks
|
|
Batting: LHB Mark Ingram
|
0-0: Called Strike 0-1: Ball 1-1: Ball 2-1: Ball 3-1: SINGLE (Line Drive, 34, EV 95.6 MPH)
|
|
Batting: RHB Brad Santanello
|
0-0: Ball 1-0: Foul Ball, location: 2F 1-1: Ball Wild Pitch! Mark Ingram to second 2-1: Ground out 5-3 (Groundball, 56S, EV 76.2 MPH)
|
|
Batting: SHB Karl Starnes
|
0-0: Single, Error in OF, E8, batter to second base (Line Drive, 89S, EV 110.0 MPH) Mark Ingram scores
|
|
Batting: RHB Ricardo Aguinaga
|
0-0: Ball 1-0: Called Strike 1-1: Swinging Strike 1-2: Strikes out swinging
|
|
Batting: RHB Khalil Stephens
|
0-0: Called Strike 0-1: Called Strike 0-2: Strikes out swinging
|
| Bottom of the 2nd over - 1 run, 2 hits, 1 error, 1 left on base; Albuquerque 1 - Iowa 1 |
| TOP OF THE 3RD |
|
Albuquerque Isotopes batting - Pitching for Iowa Cubs : RHP Dustin Buckner
|
|
Batting: RHB Logan Morgan
|
0-0: Ball 1-0: Called Strike 1-1: Called Strike 1-2: Ground out 1-3 (Groundball, 13S, EV 66.9 MPH)
|
|
Batting: SHB Orlando Torres
|
0-0: Ball 1-0: Swinging Strike 1-1: DOUBLE (Line Drive, 7LD, EV 108.1 MPH)
|
|
Batting: RHB Adrian Rudkilde
|
0-0: Called Strike 0-1: Called Strike 0-2: Strikes out swinging
|
|
Batting: RHB Chris King
|
0-0: Ball 1-0: Swinging Strike 1-1: Swinging Strike 1-2: Strikes out swinging
|
| Top of the 3rd over - 0 runs, 1 hit, 0 errors, 1 left on base; Albuquerque 1 - Iowa 1 |
| BOTTOM OF THE 3RD |
|
Iowa Cubs batting - Pitching for Albuquerque Isotopes : RHP Mark Hincks
|
|
Batting: RHB Brian Gargis
|
0-0: Ball 1-0: Foul Ball, location: 2F 1-1: Swinging Strike 1-2: Ball 2-2: Ball 3-2: Foul Ball, location: 2F 3-2: Base on Balls
|
|
Batting: RHB Frank Caulfield
|
0-0: Ball Brian Gargis is caught stealing 2nd base 2-4 1-0: Ball 2-0: Ball 3-0: Base on Balls
|
|
Batting: RHB Ryan Walker
|
0-0: Called Strike 0-1: SINGLE (Line Drive, 56D, EV 97.5 MPH) Frank Caulfield to second
|
|
Batting: LHB Wing-tat Tai
|
0-0: Called Strike 0-1: Swinging Strike 0-2: Ball 1-2: Foul Ball, location: 2F 1-2: Ball 2-2: Ball 3-2: Fly out, F8 (Flyball, 89D, EV 90.6 MPH) Runner from 2nd tags up, SAFE at 3rd, no throw by CF
|
|
Batting: LHB Mark Ingram
|
0-0: Swinging Strike 0-1: Ball 1-1: Foul Ball, location: 2F 1-2: Strikes out looking
|
| Bottom of the 3rd over - 0 runs, 1 hit, 0 errors, 2 left on base; Albuquerque 1 - Iowa 1 |
| TOP OF THE 4TH |
|
Albuquerque Isotopes batting - Pitching for Iowa Cubs : RHP Dustin Buckner
|
|
Batting: SHB D.J. Codd
|
0-0: Ball 1-0: Ground out 1-3 (Groundball, 15S, EV 65.6 MPH)
|
|
Batting: RHB Hector Silva
|
0-0: Ball 1-0: Ball 2-0: Ground out 5-3 (Groundball, 56S, EV 86.9 MPH)
|
|
Batting: RHB Jerry Sanchez
|
0-0: Ball 1-0: Foul Ball, location: 2F 1-1: Called Strike 1-2: Fly out, F9 (Flyball, 89M, EV 78.8 MPH)
|
| Top of the 4th over - 0 runs, 0 hits, 0 errors, 0 left on base; Albuquerque 1 - Iowa 1 |
| BOTTOM OF THE 4TH |
|
Iowa Cubs batting - Pitching for Albuquerque Isotopes : RHP Mark Hincks
|
|
Batting: RHB Brad Santanello
|
0-0: Ball 1-0: Called Strike 1-1: Fly out, F9 (Flyball, 9S, EV 75.6 MPH)
|
|
Batting: SHB Karl Starnes
|
0-0: Ball 1-0: Swinging Strike 1-1: Ball 2-1: Ball 3-1: Base on Balls
|
|
Batting: RHB Ricardo Aguinaga
|
0-0: Ball 1-0: Ball 2-0: Ball 3-0: Base on Balls Karl Starnes to second
|
|
Batting: RHB Khalil Stephens
|
0-0: Ball 1-0: Ball 2-0: Ball 3-0: Called Strike 3-1: Base on Balls Karl Starnes to third Ricardo Aguinaga to second
|
|
Batting: RHB Brian Gargis
|
0-0: Single, Error in OF, E8, batter to second base (Line Drive, 8RS, EV 95.6 MPH) Karl Starnes scores Ricardo Aguinaga scores Khalil Stephens to third
|
|
Batting: RHB Frank Caulfield
|
0-0: Called Strike 0-1: Ball 1-1: Foul Ball, location: 2F 1-2: Foul Ball, location: 2F 1-2: Ball 2-2: Foul Ball, location: 2F 2-2: Foul Ball, location: 2F 2-2: Strikes out swinging
|
|
Batting: RHB Ryan Walker
|
0-0: Ball 1-0: Ball 2-0: Ball 3-0: Called Strike 3-1: Base on Balls
|
|
Batting: LHB Wing-tat Tai
|
0-0: Ball 1-0: Called Strike 1-1: Ball 2-1: Foul Ball, location: 2F 2-2: Foul Ball, location: 2F 2-2: Foul Ball, location: 2F 2-2: Ball 3-2: Reached on error, E5 (Groundball, 56, EV 83.8 MPH) Khalil Stephens scores Brian Gargis scores Ryan Walker to third
|
|
Batting: LHB Mark Ingram
|
0-0: Ball 1-0: Called Strike 1-1: Ball 2-1: Ground out U3 (Groundball, 3, EV 87.5 MPH)
|
| Bottom of the 4th over - 4 runs, 1 hit, 2 errors, 2 left on base; Albuquerque 1 - Iowa 5 |
| TOP OF THE 5TH |
|
Albuquerque Isotopes batting - Pitching for Iowa Cubs : RHP Dustin Buckner
|
|
Batting: RHB Vinny Estrada
|
0-0: Called Strike 0-1: Swinging Strike 0-2: Ground out U3 (Groundball, 3S, EV 85.6 MPH)
|
|
Batting: RHB Sadataka Kuwahara
|
0-0: Ball 1-0: Ball 2-0: Ball 3-0: Called Strike 3-1: Base on Balls
|
|
Batting: RHB Logan Morgan
|
0-0: Called Strike 0-1: Ball 1-1: SINGLE (Line Drive, 34, EV 96.2 MPH) Sadataka Kuwahara to second
|
|
Batting: SHB Orlando Torres
|
0-0: Ball 1-0: Ball 2-0: Ball 3-0: Called Strike 3-1: SINGLE (Flyball, 7LS, EV 91.2 MPH) Sadataka Kuwahara to third Logan Morgan to second
|
|
Batting: RHB Adrian Rudkilde
|
0-0: Ball 1-0: Foul Ball, location: 2F 1-1: Foul Ball, location: 2F 1-2: Ball 2-2: Ball 3-2: Grounds into double play, 6-4-3 (Groundball, 56, EV 81.9 MPH)
|
| Top of the 5th over - 0 runs, 2 hits, 0 errors, 2 left on base; Albuquerque 1 - Iowa 5 |
| BOTTOM OF THE 5TH |
|
Iowa Cubs batting - Pitching for Albuquerque Isotopes : RHP Mark Hincks
|
|
Pitching: RHP Sal Contreras
|
|
|
Batting: RHB Brad Santanello
|
0-0: Foul Ball, location: 2F 0-1: Called Strike 0-2: Strikes out looking
|
|
Batting: SHB Karl Starnes
|
0-0: Called Strike 0-1: Called Strike 0-2: Ball 1-2: Ball 2-2: Strikes out swinging
|
|
Batting: RHB Ricardo Aguinaga
|
0-0: Ball 1-0: Ball 2-0: Ball 3-0: Base on Balls
|
|
Batting: RHB Khalil Stephens
|
0-0: Swinging Strike 0-1: Ball 1-1: Ball 2-1: Ball 3-1: Base on Balls Ricardo Aguinaga to second
|
|
Batting: RHB Brian Gargis
|
0-0: Ball 1-0: Ball 2-0: Called Strike 2-1: Swinging Strike 2-2: Ball 3-2: Strikes out swinging
|
| Bottom of the 5th over - 0 runs, 0 hits, 0 errors, 2 left on base; Albuquerque 1 - Iowa 5 |
| TOP OF THE 6TH |
|
Albuquerque Isotopes batting - Pitching for Iowa Cubs : RHP Dustin Buckner
|
|
Batting: RHB Chris King
|
0-0: Ball 1-0: Ball 2-0: Fly out, F9 (Flyball, 89S, EV 80.6 MPH)
|
|
Pitching: RHP Karl Stuart
|
|
|
Batting: SHB D.J. Codd
|
0-0: Ball 1-0: Ball 2-0: Called Strike 2-1: Ball 3-1: Base on Balls
|
|
Batting: RHB Hector Silva
|
0-0: Ball 1-0: Ball 2-0: Foul Ball, location: 2F 2-1: Called Strike 2-2: Ball 3-2: Fly out, F9 (Flyball, 9D, EV 110.0 MPH)
|
|
Batting: RHB Jerry Sanchez
|
0-0: Called Strike 0-1: Ball 1-1: Called Strike 1-2: Foul Ball, location: 2F 1-2: Fly out, F8 (Flyball, 8RXD, EV 90.0 MPH)
|
| Top of the 6th over - 0 runs, 0 hits, 0 errors, 1 left on base; Albuquerque 1 - Iowa 5 |
| BOTTOM OF THE 6TH |
|
Iowa Cubs batting - Pitching for Albuquerque Isotopes : RHP Sal Contreras
|
|
Batting: RHB Frank Caulfield
|
0-0: Called Strike 0-1: Ball 1-1: Foul Ball, location: 2F 1-2: Strikes out swinging
|
|
Batting: RHB Ryan Walker
|
0-0: Called Strike 0-1: SINGLE (Groundball, 56D, EV 106.2 MPH)
|
|
Batting: LHB Wing-tat Tai
|
0-0: Ball 1-0: Ball 2-0: Ball 3-0: Base on Balls Ryan Walker to second
|
|
Batting: LHB Mark Ingram
|
0-0: Swinging Strike 0-1: Ball 1-1: Swinging Strike 1-2: Foul Ball, location: 2F 1-2: Strikes out looking
|
|
Batting: RHB Brad Santanello
|
0-0: SINGLE (Groundball, 5D, EV 97.5 MPH) Ryan Walker to third Wing-tat Tai to second
|
|
Batting: SHB Karl Starnes
|
0-0: Ball 1-0: Ball 2-0: Called Strike 2-1: Ball 3-1: Base on Balls Ryan Walker scores Wing-tat Tai to third Brad Santanello to second
|
|
Pitching: RHP Justin Judson
|
|
|
Batting: RHB Ricardo Aguinaga
|
0-0: Ball 1-0: Foul Ball, location: 2F 1-1: Ball 2-1: Swinging Strike 2-2: Fly out, F8 (Flyball, 8LXD, EV 93.8 MPH)
|
| Bottom of the 6th over - 1 run, 2 hits, 0 errors, 3 left on base; Albuquerque 1 - Iowa 6 |
| TOP OF THE 7TH |
|
Albuquerque Isotopes batting - Pitching for Iowa Cubs : RHP Karl Stuart
|
|
Batting: RHB Vinny Estrada
|
0-0: Called Strike 0-1: Fly out, F7 (Flyball, 78D, EV 96.9 MPH)
|
|
Batting: RHB Sadataka Kuwahara
|
0-0: Foul Ball, location: 2F 0-1: Foul Ball, location: 2F 0-2: Ball 1-2: Ball 2-2: Ground out 6-3 (Groundball, 6, EV 105.6 MPH)
|
|
Batting: RHB Logan Morgan
|
0-0: Swinging Strike 0-1: Ball 1-1: Ball 2-1: Ball 3-1: Foul Ball, location: 2F 3-2: Base on Balls
|
|
Batting: SHB Orlando Torres
|
0-0: Ball Logan Morgan steals 2nd base 1-0: Foul Ball, location: 2F 1-1: Ball 2-1: Foul Ball, location: 2F 2-2: Foul Ball, location: 2F 2-2: Foul Ball, location: 2F 2-2: Ball 3-2: Base on Balls
|
|
Batting: RHB Adrian Rudkilde
|
0-0: Ball 1-0: Called Strike 1-1: Ball 2-1: Ball 3-1: Called Strike 3-2: Base on Balls Logan Morgan to third Orlando Torres to second
|
|
Batting: RHB Chris King
|
0-0: Ball 1-0: Foul Ball, location: 2F 1-1: Ball 2-1: Ball 3-1: Foul Ball, location: 2F 3-2: Base on Balls Logan Morgan scores Orlando Torres to third Adrian Rudkilde to second
|
|
Pitching: LHP Bill Esten
|
|
|
Batting: SHB D.J. Codd
|
0-0: Ball 1-0: Ball 2-0: Swinging Strike 2-1: Swinging Strike 2-2: Strikes out looking
|
| Top of the 7th over - 1 run, 0 hits, 0 errors, 3 left on base; Albuquerque 2 - Iowa 6 |
| BOTTOM OF THE 7TH |
|
Iowa Cubs batting - Pitching for Albuquerque Isotopes : RHP Justin Judson
|
|
Batting: RHB Khalil Stephens
|
0-0: Swinging Strike 0-1: Fly out, F9 (Flyball, 89D, EV 95.0 MPH)
|
|
Batting: RHB Brian Gargis
|
0-0: Called Strike 0-1: Ball 1-1: Ball 2-1: Ball 3-1: Called Strike 3-2: SINGLE (Groundball, 6MD, EV 95.6 MPH)
|
|
Batting: RHB Frank Caulfield
|
0-0: Ball 1-0: Swinging Strike 1-1: DOUBLE (Line Drive, 3D, EV 105.6 MPH) Brian Gargis to third
|
|
Batting: RHB Ryan Walker
|
0-0: Ball 1-0: Swinging Strike 1-1: Ball 2-1: Ground out 6-3 (Groundball, 6, EV 83.1 MPH) Brian Gargis scores Frank Caulfield to third
|
|
Batting: LHB Wing-tat Tai
|
0-0: Ball 1-0: Called Strike 1-1: SINGLE (Groundball, 34D, EV 103.8 MPH) Frank Caulfield scores
|
|
Batting: LHB Mark Ingram
|
0-0: Reached on error, E4 (Groundball, 4, EV 81.9 MPH) Wing-tat Tai to second
|
|
Batting: RHB Brad Santanello
|
0-0: Ball 1-0: 3-RUN HOME RUN (Line Drive, 9LD, EV 97.5 MPH), Distance : 369 ft
|
|
Pitching: LHP Matt Wojtkiewicz
|
|
|
Batting: SHB Karl Starnes
|
0-0: Ball 1-0: Ball 2-0: Ball 3-0: Base on Balls
|
|
Batting: RHB Ricardo Aguinaga
|
0-0: Swinging Strike 0-1: Swinging Strike 0-2: Strikes out looking
|
| Bottom of the 7th over - 5 runs, 4 hits, 1 error, 1 left on base; Albuquerque 2 - Iowa 11 |
| TOP OF THE 8TH |
|
Albuquerque Isotopes batting - Pitching for Iowa Cubs : LHP Bill Esten
|
|
Batting: RHB Hector Silva
|
0-0: Called Strike 0-1: Ball 1-1: SINGLE (Groundball, 6MD, EV 100.6 MPH)
|
|
Batting: RHB Jerry Sanchez
|
0-0: Ball 1-0: Ball 2-0: Foul Ball, location: 2F 2-1: Fielders Choice at 2nd, 1-4 (Groundball, 15S, EV 63.8 MPH)
|
|
Batting: RHB Vinny Estrada
|
0-0: Grounds into double play, 4-6-3 (Groundball, 4, EV 91.2 MPH)
|
| Top of the 8th over - 0 runs, 1 hit, 0 errors, 0 left on base; Albuquerque 2 - Iowa 11 |
| BOTTOM OF THE 8TH |
|
Iowa Cubs batting - Pitching for Albuquerque Isotopes : LHP Matt Wojtkiewicz
|
|
Batting: RHB Khalil Stephens
|
0-0: Called Strike 0-1: Ground out 5-3 (Groundball, 5, EV 88.8 MPH)
|
|
Batting: RHB Brian Gargis
|
0-0: Foul Ball, location: 2F 0-1: Ball 1-1: Swinging Strike 1-2: Ball 2-2: Ball 3-2: Base on Balls
|
|
Batting: RHB Frank Caulfield
|
0-0: Foul Ball, location: 2F 0-1: Ball 1-1: Swinging Strike 1-2: Foul Ball, location: 2F 1-2: Foul Ball, location: 2F 1-2: Foul Ball, location: 2F 1-2: Ball 2-2: Ball 3-2: Foul Ball, location: 2F 3-2: Fly out, F7 (Flyball, 7, EV 82.5 MPH)
|
|
Batting: RHB Ryan Walker
|
0-0: Ball 1-0: Ball 2-0: Ball 3-0: Called Strike 3-1: Swinging Strike 3-2: Foul Ball, location: 2F 3-2: Foul Ball, location: 2F 3-2: Foul Ball, location: 2F 3-2: Base on Balls Brian Gargis to second
|
|
Batting: LHB Wing-tat Tai
|
0-0: Ball 1-0: Ball 2-0: Foul Ball, location: 2F 2-1: Ball 3-1: Base on Balls Brian Gargis to third Ryan Walker to second
|
|
Batting: LHB Mark Ingram
|
0-0: Ball 1-0: Ball 2-0: GRAND SLAM HOME RUN (Flyball, 9D, EV 99.4 MPH), Distance : 382 ft
|
|
Pitching: RHP Jason Decker
|
|
|
Batting: RHB Brad Santanello
|
0-0: Ball 1-0: Ball 2-0: Swinging Strike 2-1: Swinging Strike 2-2: Foul Ball, location: 2F 2-2: Foul Ball, location: 2F 2-2: Foul Ball, location: 2F 2-2: Strikes out swinging
|
| Bottom of the 8th over - 4 runs, 1 hit, 0 errors, 0 left on base; Albuquerque 2 - Iowa 15 |
| TOP OF THE 9TH |
|
Albuquerque Isotopes batting - Pitching for Iowa Cubs : LHP Bill Esten
|
|
Batting: RHB Sadataka Kuwahara
|
0-0: Called Strike 0-1: Ball 1-1: Ball 2-1: Ball 3-1: Base on Balls
|
|
Batting: RHB Logan Morgan
|
0-0: Called Strike 0-1: Called Strike 0-2: Ball 1-2: Ball 2-2: Strikes out looking
|
|
Batting: SHB Orlando Torres
|
0-0: Swinging Strike 0-1: Called Strike 0-2: Strikes out swinging
|
|
Batting: RHB Adrian Rudkilde
|
0-0: Ball 1-0: SINGLE (Line Drive, 9S, EV 106.9 MPH) Sadataka Kuwahara to second
|
|
Batting: RHB Chris King
|
0-0: Ball 1-0: Ball 2-0: Ball 3-0: Base on Balls Sadataka Kuwahara to third Adrian Rudkilde to second
|
|
Batting: SHB D.J. Codd
|
0-0: DOUBLE (Line Drive, 3D, EV 98.8 MPH) Sadataka Kuwahara scores Adrian Rudkilde scores Chris King to third
|
|
Batting: RHB Hector Silva
|
0-0: SINGLE (Groundball, 4D, EV 101.2 MPH) Chris King scores D.J. Codd to third
|
|
Batting: RHB Jerry Sanchez
|
0-0: Called Strike 0-1: SINGLE (Line Drive, 34, EV 101.9 MPH) D.J. Codd scores Hector Silva to second
|
|
Batting: RHB Vinny Estrada
|
0-0: Called Strike 0-1: Foul Ball, location: 2F 0-2: Ball 1-2: Foul Ball, location: 2F 1-2: Foul Ball, location: 2F 1-2: Foul Ball, location: 2F 1-2: Foul Ball, location: 2F 1-2: Strikes out swinging
|
| Top of the 9th over - 4 runs, 4 hits, 0 errors, 2 left on base; Albuquerque 6 - Iowa 15 |
|